Map: Newkirk Precinct TE (Void)

Players

Tom - Winner!

  • Race: Protoss Protoss
  • League: Master
  • Spawn Location: 5:00

Railgan

  • Race: Terran Terran
  • League: Grandmaster
  • Spawn Location: 7:00

VOD

Have the link to the VOD?

Description

Time

  • Played on: March 4, 2017, 9:41 a.m.
  • Length: 5:49
Show
View Real Time Build Order
Export as new Build Order

Tom Protoss - Winner!

Build Orders: Dark Templar Rush 

Get SALT Encoding   

  12  0:00  Probe (Chrono Boost)  
  13  0:11  Probe (Chrono Boost)  
  14  0:19  Pylon  
  14  0:22  Probe (Chrono Boost)  
  15  0:37  Probe (Chrono Boost)  
  15  0:38  Gateway  
  16  0:47  Probe (Chrono Boost), Assimilator  
  17  0:58  Probe (Chrono Boost)  
  17  1:00  Pylon  
  18  1:08  Probe (Chrono Boost)  
  19  1:18  Gateway  
  19  1:19  Probe (Chrono Boost)  
  20  1:26  Cybernetics Core  
  20  1:32  Assimilator  
  20  1:35  Probe (Chrono Boost)  
  21  1:46  Probe (Chrono Boost)  
  22  1:56  Probe (Chrono Boost)  
  23  2:03  Adept  
  23  2:06  Adept  
  23  2:07  Mothership Core (Chrono Boost)  
  29  2:12  Pylon  
  29  2:14  Warp Gate  
  29  2:30  Adept  
  29  2:33  Adept  
  32  2:58  Pylon, Twilight Council  
  32  2:59  Pylon  
  32  3:04  Adept  
  34  3:35  Gateway  
  34  3:44  Dark Shrine  
  34  3:45  Probe (Chrono Boost)  
  34  3:47  Gateway  
  29  3:57  Probe (Chrono Boost)  
  30  4:17  Pylon  
  27  4:48  Nexus  
  27  4:51  Pylon  
  25  4:56  Dark Templar x4  
  33  5:01  Probe (Chrono Boost)  
  34  5:11  Probe (Chrono Boost)  
  29  5:29  Dark Templar  
  29  5:32  Probe (Chrono Boost)  
  32  5:36  Robotics Facility  
Show
View Real Time Build Order
Export as new Build Order

Railgan Terran 

Build Orders: Cyclone Opening, Reaper Expand 

Get SALT Encoding   

  12  0:01  SCV  
  13  0:13  SCV  
  14  0:18  Supply Depot  
  14  0:25  SCV  
  15  0:40  SCV  
  15  0:41  Barracks  
  16  0:46  Refinery  
  16  0:52  SCV  
  17  0:58  Refinery  
  17  1:04  SCV  
  18  1:16  SCV  
  19  1:32  Reaper, Orbital Command  
  20  1:56  Command Center  
  20  2:01  SCV  
  21  2:13  Factory  
  21  2:15  Barracks Reactor  
  21  2:18  SCV  
  22  2:27  Supply Depot  
  22  2:30  SCV  
  23  2:44  SCV  
  23  2:51  Marine x2  
  23  2:56  Cyclone, Supply Depot  
  27  3:01  Bunker  
  26  3:19  Marine  
  24  3:20  Marine  
  24  3:40  Cyclone  
  25  3:48  SCV  
  26  3:49  Marine  
  26  4:00  SCV  
  27  4:04  Supply Depot  
  27  4:12  Cyclone, SCV  
  31  4:25  Supply Depot  
  31  4:28  SCV  
  29  4:40  SCV  
  27  4:50  Factory Reactor  
  27  4:52  Starport, Barracks Tech Lab  
  27  4:53  SCV  
  27  4:56  Orbital Command  
  28  5:05  SCV  
  29  5:14  Supply Depot  
  29  5:17  SCV  
  24  5:30  Engineering Bay  
  24  5:33  SCV  
Tags
 
Add a new tag
Caveats
  • Supply blocks, unpowered buildings, or Contaminate may cause inaccurate times.
  • Supply counts are checked every 10 seconds.